 Dungeon Crawl Stone Soup version 0.20-a0-1122-gb7cbeb9 (webtiles) character file.

1803 Jarno the Chopper (level 9, -1/68 HPs)
             Began as a Formicid Fighter on May 11, 2017.
             Slain by a worker ant (3 damage)
             ... on level 6 of the Dungeon.
             The game lasted 00:07:24 (7097 turns).

Jarno the Chopper (Formicid Fighter)                Turns: 7097, Time: 00:07:25

Health: -1/68      AC:  7    Str: 21    XL:     9   Next: 30%
Magic:  3/3        EV: 10    Int: 13    God:
Gold:   376        SH: 11    Dex: 13    Spells: 8/8 levels left

rFire    . . .     SeeInvis +   C - +0 war axe (antimagic)
rCold    . . .     Gourm    .   c - +0 shield
rNeg     . . .     Faith    .   b - +0 scale mail
rPois    .         Spirit   .   (helmet unavailable)
rElec    .         Reflect  .   (no cloak)
rCorr    .         Harm     .   (no gloves)
MR       .....                  (no boots)
Stlth    ..........             (no amulet)
Regen    0.3/turn               (no ring)
MPRegen  0.1/turn               (no ring)

@: brilliant, lethally poisoned (-1 -> -2)
A: permanent stasis, dig shafts and tunnels, four strong arms, antennae 3
a: Dig, Shaft Self


You were on level 6 of the Dungeon.
You were not hungry.

You visited 1 branch of the dungeon, and saw 6 of its levels.

You collected 376 gold pieces.

Inventory:

Hand Weapons
 a - a +0 war axe
 p - a +0 hunting sling
 C - a +0 antimagic war axe (weapon)
Missiles
 q - 171 stones
 u - 9 tomahawks
 y - 6 javelins (quivered)
Armour
 b - a +0 scale mail (worn)
 c - a +0 shield (worn)
Wands
 D - a wand of random effects (28/48)
Scrolls
 d - a scroll of torment {unknown}
 i - 2 scrolls of amnesia {unknown}
 l - a scroll of immolation {unknown}
 m - a scroll of fear {unknown}
 n - 4 scrolls of remove curse {unknown}
 r - 3 scrolls of identify {unknown}
 s - 3 scrolls of teleportation {unknown}
 v - 4 scrolls of recharging {unknown}
 w - a scroll of enchant weapon {unknown}
 E - a scroll of magic mapping {unknown}
 F - a scroll of noise {unknown}
Potions
 e - 2 potions of resistance {unknown}
 g - a potion of cancellation {unknown}
 h - 3 potions of curing {unknown}
 j - a potion of degeneration {unknown}
 k - a potion of flight {unknown}
 t - 2 potions of haste {unknown}
 x - a potion of magic {unknown}
 z - a potion of ambrosia {unknown}
 A - 2 potions of brilliance
Comestibles
 f - 7 bread rations
 B - a meat ration


   Skills:
 + Level 5.0 Fighting
 + Level 7.6 Axes
 + Level 7.0 Armour
 + Level 1.7 Dodging
 - Level 0.6 Stealth
 + Level 7.1 Shields


You had 8 spell levels left.
You didn't know any spells.

Dungeon Overview and Level Annotations

Branches:
Dungeon (6/15)
 Temple: D:4-7

Altars:
Trog

Annotations:
D:5 MenacingMecha's ghost, amateur DsGl


Innate Abilities, Weirdness & Mutations

You cannot be hasted, slowed, berserked, paralysed or teleported.
You can dig through walls and to a lower floor.
Your four strong arms can wield two-handed weapons with a shield.
You have a pair of large antennae on your head. (SInv)


Message History

You hit the orc warrior.
You feel sick. You block the worker ant's attack.
The orc warrior hits you with a short sword!
* * * LOW HITPOINT WARNING * * *
Unknown command.
You closely miss the worker ant.
The worker ant is heavily wounded.
You hit the orc warrior.
You feel sick. The worker ant bites you.
* * * LOW HITPOINT WARNING * * *
You block the orc warrior's attack.
Unknown command.
You feel sick. The worker ant bites you.
* * * LOW HITPOINT WARNING * * *
* * * LOW HITPOINT WARNING * * *
You feel sick.
* * * LOW HITPOINT WARNING * * *
You feel sick.
It was a potion of brilliance.
You feel clever all of a sudden. The worker ant barely misses you.
The worker ant bites you.
You die...

.......#.# #(..# .......#.#
#(..# ##### .......#.#
#...###..(## .......#.######
#...##.....##
.......#.)....####...#......[#
##.......#......##...'.......#
#........##.....##...#......[#
#........##..^...#...##....(##
#...####.####...@ao..###...##
#...# #.############# #####
##### #........> #########. {


You could see an orc warrior and a worker ant.

Vanquished Creatures
  A gargoyle (D:6)
  An ice beast (D:5)
  A sky beast (D:6)
  An eye of draining (D:4)
  2 ogres
  A centaur (D:6)
  A bullfrog (D:6)
  2 scorpions (D:6)
  A howler monkey (D:4)
  3 crimson imps (D:5)
  4 orc wizards
  5 orc priests
  2 hounds
  5 worker ants (D:4)
  2 howler monkey skeletons
  10 adders
  6 worms
  An adder skeleton (D:4)
  5 dart slugs
  4 leopard geckos
  7 orcs
  12 bats
  3 giant cockroaches
  4 goblins
  8 hobgoblins
  7 jackals (D:2)
  A quokka (D:2)
  7 frilled lizards
  A jackal zombie (D:5)
  15 kobolds
  8 rats
131 creatures vanquished.

Notes
Turn   | Place    | Note
-------+----------+-------------------------------------------
     0 | D:1      | Jarno the Formicid Fighter began the quest for the Orb.
     0 | D:1      | Reached XP level 1. HP: 18/18 MP: 1/1
    60 | D:1      | Reached XP level 2. HP: 17/24 MP: 2/2
   247 | D:1      | Reached XP level 3. HP: 28/29 MP: 3/3
   722 | D:2      | Reached XP level 4. HP: 33/35 MP: 4/4
  2040 | D:3      | Reached XP level 5. HP: 25/41 MP: 5/5
  2548 | D:3      | Reached skill level 5 in Shields
  3191 | D:3      | Reached XP level 6. HP: 36/48 MP: 6/6
  3479 | D:4      | Noticed an ogre
  3483 | D:4      | Killed an ogre
  3926 | D:4      | Found a bloodstained altar of Trog.
  3926 | D:4      | Noticed an eye of draining
  3942 | D:4      | Killed an eye of draining
  3942 | D:4      | Reached skill level 1 in Dodging
  3942 | D:4      | Reached XP level 7. HP: 54/54 MP: 0/7
  4064 | D:4      | Reached skill level 5 in Axes
  4284 | D:4      | Found a bloodstained altar of Trog.
  4545 | D:4      | Reached skill level 5 in Armour
  4572 | D:5      | Entered Level 5 of the Dungeon
  4878 | D:5      | Reached XP level 8. HP: 38/61 MP: 2/8
  5351 | D:5      | Noticed MenacingMecha's ghost (amateur DsGl)
  6733 | D:6      | Noticed a gargoyle
  6747 | D:6      | Killed a gargoyle
  6747 | D:6      | Reached skill level 5 in Fighting
  6747 | D:6      | Reached XP level 9. HP: 8/68 MP: 3/9
  7092 | D:6      | HP: 3/68 [worker ant (6)]
  7097 | D:6      | Slain by a worker ant

Vault maps used:
D:1:      mrwooster_arrival_arrow
D:2:      minmay_tetromino_i4
D:3:      cheibrodos_old_hovel
D:4:      nicolae_overflow_crystal_walls, trog_eyes_of_draining
D:5:      first_bread
D:6:      minmay_opposing_rooms, minmay_temple_entry_nine_rooms, serial_shops,
          nicolae_shop_crystal, uniq_crazy_yiuf_cottage

Skill      XL: |  1  2  3  4  5  6  7  8  9 |
---------------+----------------------------+-----
Shields        | 4 5 6 7 |  7.1
Axes           | 3 4 5 7 |  7.6
Armour         | 4 5 6 7 |  7.0
Fighting       | 4 5 |  5.0
Dodging        | 1 |  1.7
Stealth        | |  0.6

Action                   |  1- 3 |  4- 6 |  7- 9 || total
-------------------------+-------+-------+-------++-------
Melee: War axe           |   109 |   227 |   281 ||   617
Throw: Javelin           |       |     7 |       ||     7
  Use: Potion            |       |       |     2 ||     2
  Eat: Chunk             |       |    10 |     5 ||    15
       Fruit             |       |       |     4 ||     4
       Royal jelly       |       |       |     2 ||     2
Armor: Scale mail        |    56 |    88 |    68 ||   212
Dodge: Dodged            |    48 |    68 |    95 ||   211
Block: Shield            |    82 |   127 |   138 ||   347
